 Dungeon Crawl Stone Soup version 0.29-a0-732-g3d7fbe0af2 (webtiles) character file.

Game seed: 15967324014687408459

134 elite277 the Grave Robber (level 5, -3/36 HPs)
             Began as a Human Necromancer on June 29, 2022.
             Slain by an iguana (13 damage)
             ... on level 4 of the Dungeon.
             The game lasted 00:11:46 (3037 turns).

elite277 the Grave Robber (Human Necromancer)       Turns: 3037, Time: 00:11:48

Health: -3/36      AC:  3    Str:  8    XL:     5   Next: 40%
Magic:  6/9        EV: 13    Int: 17    God:
Gold:   160        SH:  0    Dex: 20    Spells: 2/9 levels left

rFire   . . .      SeeInvis .   p - +0 whip (venom)
rCold   . . .      Faith    .   (no shield)
rNeg    . . .      Spirit   .   a - +0 robe
rPois   +          Reflect  .   (no helmet)
rElec   .          Harm     .   (no cloak)
rCorr   .          Rampage  .   l - +0 pair of gloves
Will    .....                   (no boots)
Stlth   ++........              (no amulet)
HPRegen 0.12/turn               c - +6 ring of dexterity
MPRegen 0.11/turn               h - ring of poison resistance

@: very slightly contaminated
A: no striking features
a: no special abilities


You were on level 4 of the Dungeon.
You visited 1 branch of the dungeon, and saw 4 of its levels.

You collected 160 gold pieces.

Inventory:

Hand Weapons
 d - a +0 dagger
 p - a +0 whip of venom (weapon)
Missiles
 s - 4 poisoned darts
 t - a throwing net
Armour
 a - a +0 robe (worn)
 e - a +0 cloak
 l - a +0 pair of gloves (worn)
 w - a scarf of harm
Jewellery
 c - a +6 ring of dexterity (left hand)
 h - a ring of poison resistance (right hand)
 m - a ring of fire
Scrolls
 f - 3 scrolls of identify {unknown}
 g - a scroll of amnesia {unknown}
 i - 2 scrolls of fog {unknown}
 k - a scroll of enchant armour {unknown}
 n - 2 scrolls of torment {unknown}
 q - a scroll of immolation {unknown}
 r - a scroll of summoning {unknown}
 u - a scroll of poison {unknown}
 v - a scroll of teleportation {unknown}
 x - a scroll of fear {unknown}
Potions
 b - 2 potions of magic
 j - a potion of haste {unknown}
 o - a potion of degeneration {unknown}


   Skills:
 + Level 0.4 Fighting
 + Level 0.6 Short Blades
 + Level 0.1 Maces & Flails
 + Level 2.3 Dodging
 + Level 2.3 Stealth
 + Level 2.9 Spellcasting
 + Level 0.8 Hexes
 + Level 1.2 Summonings
 + Level 4.9 Necromancy


You had 2 spell levels left.
You knew the following spells:

 Your Spells              Type           Power      Damage    Failure   Level
a - Necrotize             Necr           76%        1d7       2%          1
b - Vampiric Draining     Necr           19%        2d7       7%          3
c - Summon Guardian Gole  Hex/Summ       6%         N/A       34%         3

Your spell library contained the following spells:

 Spells                   Type           Power      Damage    Failure   Level
 Ensorcelled Hibernation  Hex/Ice        6%         N/A       22%         2
 Passwall                 Tmut/Erth      1%         N/A       26%         2
 Animate Dead             Necr           19%        N/A       22%         4
 Swiftness                Air            2%         N/A       47%         3
 Agony                    Necr           19%        N/A       54%         5
 Orb of Destruction       Conj           1%         9d5       100%        7
 Spellforged Servitor     Conj/Summ      2%         N/A       100%        7


Dungeon Overview and Level Annotations

Branches:
Dungeon (4/15)
 Temple: D:4-7

Altars:


Message History

The iguana hisses angrily.
You barely miss the shadow imp.
The shadow imp hits you but does no damage.
You barely miss the shadow imp. The shadow imp hits you.
You closely miss the shadow imp. The shadow imp barely misses you.
You hit the shadow imp.
The shadow imp is poisoned.
The shadow imp is moderately wounded.
The shadow imp hits you. The shadow imp barely misses you.
You closely miss the shadow imp.
The shadow imp is moderately wounded.
The shadow imp closely misses you.
You hit the shadow imp but do no damage.
The shadow imp is moderately wounded.
The shadow imp hits you but does no damage.
You hit the iguana.
The iguana is poisoned.
The iguana is moderately wounded.
The iguana closely misses you. The shadow imp hits you.
You closely miss the iguana.
The iguana is moderately wounded.
The iguana barely misses you. The shadow imp misses you.
You closely miss the shadow imp.
The shadow imp is moderately wounded.
The iguana barely misses you. The shadow imp gestures at you.
Pain shoots through your body!
You hit the shadow imp.
The shadow imp is severely wounded.
The iguana bites you but does no damage.
The shadow imp gestures at you. Pain shoots through your body!
* * * LOW HITPOINT WARNING * * *
Casting: Necrotize (safe; 2% risk of failure)
Confirm with . or Enter, or press ? or * to list all spells.
Aiming: Vampiric Draining (dangerous; 7% risk of failure)
Press: ? - help, Shift-Dir - straight line, f - iguana
Aim: an iguana (severely wounded, very poisoned)
You miscast Vampiric Draining.
You are very lightly contaminated with residual magic.
Nothing appears to happen.
The iguana bites you!
You die...

######
###.#..##
##.......##
#.....>...##
#.......#
#....# ##รท.@#
.......##l5..#
.......
#.....#
...##..
.......# ..
#.. ......##
............
..............
..............


You could see an iguana (poisoned) and a shadow imp (poisoned).

Vanquished Creatures
  A scorpion (D:3)
  2 adders (D:2)
  3 dart slugs (D:1)
  5 endoplasms
  8 goblins
  4 hobgoblins
  2 jackals (D:1)
  A quokka (D:2)
  5 ball pythons
  6 bats
  2 frilled lizards (D:1)
  4 kobolds
  2 rats
  A spectral kobold (D:1)
46 creatures vanquished.

Notes
Turn   | Place    | Note
-------+----------+-------------------------------------------
     0 | D:1      | elite277 the Human Necromancer began the quest for the Orb.
     0 | D:1      | Reached XP level 1. HP: 13/13 MP: 3/3
    97 | D:1      | Reached XP level 2. HP: 18/19 MP: 1/5
   507 | D:1      | Reached XP level 3. HP: 15/24 MP: 4/6
   519 | D:1      | Found a faded altar of an unknown god.
   792 | D:1      | Learned a level 3 spell: Vampiric Draining
  1507 | D:2      | Reached XP level 4. HP: 29/30 MP: 7/7
  1512 | D:2      | Learned a level 3 spell: Summon Guardian Golem
  2800 | D:4      | Noticed a scorpion
  2823 | D:3      | Killed a scorpion
  2824 | D:3      | Reached skill level 1 in Summonings
  2824 | D:3      | Reached XP level 5. HP: 13/36 MP: 0/9
  3037 | D:4      | Slain by an iguana

Illustrated notes

Levels and vault maps discovered:
D:1:      ebering_trefoil_3fold, layout_basic,
          dreamdust_ecumenical_altar_drowned_temple
D:2:      layout_loops_corners, serial_aquarium, aquarium_bridge_long_joined
          [aquarium_subvault_bridge, aquarium_subvault_bridge,
          aquarium_subvault_window, aquarium_subvault_wall,
          aquarium_subvault_bridge, aquarium_subvault_wall], aquarium_window_1,
          aquarium_window_fake, aquarium_window_3, aquarium_window_1,
          aquarium_view_2d, aquarium_balcony_1b, aquarium_pool_2,
          ebering_dispersal_statue_hall, grunt_decor_junction,
          minmay_misc_feat_diagonals, hangedman_abyss_or_decor_lesser_grid
D:3:      layout_loops_ring
D:4:      layout_cave_pools, minmay_temple_entry_offerings, minmay_diced_spiral

Skill      XL: |  1  2  3  4 |
---------------+-------------+-----
Summonings     | 1 |  1.2
Fighting       | |  0.4
Short Blades   | |  0.6
Maces & Flails | |  0.1
Dodging        | |  2.3
Stealth        | |  2.3
Spellcasting   | |  2.9
Hexes          | |  0.8
Necromancy     | |  4.9

Action                   |  1- 3 |  4- 6 || total
-------------------------+-------+-------++-------
Melee: Dagger            |    88 |     7 ||    95
       Punch             |     1 |     1 ||     2
       Whip              |       |    25 ||    25
 Cast: Necrotize         |    26 |    16 ||    42
       Vampiric Draining |     1 |     3 ||     4
 Stab: Sleeping          |     1 |     1 ||     2
Armor: Robe              |    32 |    14 ||    46
Dodge: Dodged            |    61 |    41 ||   102

Table legend: (Time is in decaauts)
 A = Elapsed time spent in this place.
 B = Non-inter-level travel time spent in this place.
 C = Inter-level travel time spent in this place.
 D = Time resting spent in this place.
 E = Time spent auto-exploring this place.
 F = Levels seen in this place.
 G = Mean time per level.
                   A        B        C        D        E       F      G
               +--------+--------+--------+--------+--------+-----+--------+
         Total |   3039 |   2925 |    114 |      0 |   1912 |   4 |  759.8 |
       Dungeon |   3039 |   2925 |    114 |      0 |   1912 |   4 |  759.8 |
               +--------+--------+--------+--------+--------+-----+--------+

Top non-repeatable levels by time:
     D:2: 1220 daAuts
     D:1: 1003 daAuts
     D:3: 783 daAuts
     D:4: 31 daAuts
